 Dungeon Crawl Stone Soup version 0.25.1-2-g60ff931df9 (webtiles) character file.

Game seed: 9516812445109647280

14689 pokeman the Eclecticist (level 11, -8/62 HPs)
             Began as a Deep Elf Wizard on Nov 14, 2020.
             Was an Elder of Vehumet.
             Mangled by a phantasmal warrior (21 damage)
             ... led by a death knight
             ... on level 11 of the Dungeon on Nov 15, 2020.
             The game lasted 00:50:19 (15927 turns).

pokeman the Eclecticist (Deep Elf Wizard)          Turns: 15927, Time: 00:50:20

Health: -8/62      AC: 11    Str:  4    XL:     11   Next: 92%
Magic:  10/42      EV: 11    Int: 32    God:    Vehumet [****..]
Gold:   401        SH:  0    Dex: 13    Spells: 20/41 levels left

rFire    . . .     SeeInvis .   n - +5 spear (vorpal)
rCold    . . .     Gourm    .   (no shield)
rNeg     . . .     Faith    .   S - +0 acid dragon scales
rPois    .         Spirit   .   r - +3 hat of Pondering {ponderous, MR+ MP+10 Int+5}
rElec    .         Reflect  .   W - +0 cloak
rCorr    +         Harm     .   (no gloves)
MR       +....                  (no boots)
Stlth    ++........             e - amulet of the acrobat
HPRegen  0.20/turn              a - ring of wizardry
MPRegen  0.28/turn              t - ring of wizardry

@: vulnerable, slow
A: no striking features
a: Renounce Religion


You were on level 11 of the Dungeon.
You worshipped Vehumet.
Vehumet was greatly pleased with you.
You were not hungry.

You visited 2 branches of the dungeon, and saw 12 of its levels.
You also visited: Ossuary.

You collected 660 gold pieces.
You spent 259 gold pieces at shops.

Inventory:

Hand Weapons
 n - a +5 vorpal spear (weapon)
 X - a +0 arbalest
Missiles
 R - 22 bolts
Armour
 f - a +0 tower shield
 r - the +3 hat of Pondering (worn) {ponderous, MR+ MP+10 Int+5}
   (You took it off Gastronok on level 8 of the Dungeon)

   It affects your intelligence (+5).
   It affects your resistance to hostile enchantments.
   It affects your magic capacity (+10).
 S - +0 acid dragon scales (worn)
 W - a +0 cloak (worn)
Jewellery
 a - a ring of wizardry (left hand)
 e - an amulet of the acrobat (around neck)
 t - a ring of wizardry (right hand)
 J - an uncursed ring of protection from cold
Wands
 c - a wand of digging (3)
 m - a wand of acid (7)
Scrolls
 b - 3 scrolls of immolation {unknown}
 i - a scroll of brand weapon {unknown}
 j - 2 scrolls of enchant armour {unknown}
 l - 2 scrolls of blinking
 A - a scroll of noise {unknown}
 C - 7 scrolls of remove curse
 F - 3 scrolls of magic mapping
 H - 4 scrolls of teleportation
 I - 5 scrolls of fear {unknown}
 L - 3 scrolls of vulnerability {unknown}
 M - a scroll of fog {unknown}
 O - 2 scrolls of enchant weapon {unknown}
Potions
 g - a potion of heal wounds
 h - 5 potions of curing
 w - 2 potions of haste
 D - 2 potions of cancellation
 E - 2 potions of lignification
 G - a potion of resistance
Comestibles
 d - 20 rations
 k - 13 chunks of flesh


   Skills:
 + Level 4.6 Fighting
 - Level 3.6 Armour
 - Level 3.1 Dodging
 - Level 3.0 Stealth
 - Level 3.1 Shields
 * Level 15.7 Spellcasting
 + Level 9.6 Conjurations
 - Level 1.1 Summonings
 - Level 1.1 Translocations
 + Level 8.8 Fire Magic
 - Level 2.0 Air Magic
 - Level 2.0 Poison Magic
 - Level 1.2 Evocations


You had 20 spell levels left.
You knew the following spells:

 Your Spells              Type           Power        Failure   Level  Hunger
a - Magic Dart            Conj           ####         1%          1    None
b - Mephitic Cloud        Conj/Pois/Air  ######..     1%          3    None
c - Call Imp              Summ           ####....     1%          2    None
d - Blink                 Tloc           N/A          1%          2    None
e - Conjure Flame         Conj/Fire      ######..     1%          3    None
f - Fireball              Conj/Fire      ######....   1%          5    None
g - Apportation           Tloc           ####..       1%          1    None
h - Stone Arrow           Conj/Erth      ######       1%          3    None
i - Shock                 Conj/Air       ####         1%          1    None

Your spell library contained the following spells:

 Spells                   Type           Power        Failure   Level  Hunger
 Olgreb's Toxic Radiance  Pois           #####...     2%          4    None
 Animate Skeleton         Necr           N/A          1%          1    None
 Corona                   Hex            ####...      1%          1    None
 Foxfire                  Conj/Fire      ####         1%          1    None
 Summon Small Mammal      Summ           ####         1%          1    None
 Slow                     Hex            ####....     1%          2    None
 Inner Flame              Hex/Fire       ######..     1%          3    None
 Sticky Flame             Conj/Fire      ######..     1%          4    None


Dungeon Overview and Level Annotations

Branches:
Dungeon (11/15)            Temple (1/1) D:5            Lair (0/6) D:9
Ossuary (visited)
    Orc: D:9-12

Altars:
Ashenzari
Elyvilon
Fedhas
Hepliaklqana
Kikubaaqudgha
Makhleb
Nemelex Xobeh
Qazlal
Ru
Sif Muna
Vehumet
Wu Jian
Xom
Yredelemnul
The Shining One

Shops:
D:10 ?

Annotations:
D:10 2 runed translucent doors, hehateme's ghost, novice KoSu


Message History

Confirm with . or Enter, or press ? or * to list all spells.
Aiming: Fireball (dangerous; 1% risk of failure)
Press: ? - help, Shift-Dir - straight line, f - centaur
Aim: a centaur, wielding a +0 shortbow and quivering 13 arrows (heavily wounded)
The fireball explodes!
The fireball engulfs the centaur!
You kill the centaur!
Vehumet accepts your kill.
The fireball engulfs the death knight!!!
You kill the death knight!
Vehumet accepts your kill.
You hear a shout! x2
A freezing wraith comes into view.
The phantasmal warrior hits you!!
* * * LOW HITPOINT WARNING * * *
Unknown command.
Unknown command.
The phantasmal warrior completely misses you.
There is a stone staircase leading up here.
The phantasmal warrior hits you!!
You die...

.... #### ....
#...# ...##....#
..#....# .
##......# %.
#......# #o.
#......# #...
##..@...#
.W)).#..W...####
.)))W.D(.(.....#
...)..W.........#
[..)....?.....###
..........##.##
..?......^# ##
.........##
........##


You could see a six-headed hydra, a phantasmal warrior, a freezing wraith and a
hungry ghost.

Vanquished Creatures
  Gastronok (D:8)
  Harold (D:7)
  Erica (D:9)
  A death knight (D:11)
  3 death yaks (D:9)
  Psyche (D:9)
  Maurice (D:8)
  Maggie (D:7)
  A gargoyle (D:10)
  A hornet (D:10)
  Sigmund (D:6)
  2 hippogriffs
  A wraith (D:11)
  14 yaks (D:10)
  A hungry ghost (D:10)
  Menkaure (Ossuary)
  A water moccasin (D:8)
  Duvessa (D:4)
  2 porcupines (D:9)
  An ice beast (D:9)
  5 orc warriors
  A black bear (D:9)
  9 ogres
  2 phantoms
  Purgy (D:3)
  A crocodile (D:8)
  4 centaurs
  3 big kobolds
  4 bullfrogs
  Dowan (D:4)
  4 killer bees (D:8)
  7 howler monkeys
  An electric eel (D:5)
  A bullfrog zombie (D:5)
  2 crimson imps (D:5)
  A quasit (D:8)
  3 centaur zombies
  2 human zombies (Ossuary)
  2 centaur skeletons
  3 orc priests
  4 bullfrog skeletons
  4 hounds
  3 jellies
  18 orc wizards
  3 iguanas
  Terence (D:3)
  3 hell rats (D:9)
  2 worker ants
  3 ogre zombies (Ossuary)
  4 mummies (Ossuary)
  A howler monkey zombie (D:9)
  A worker ant zombie (D:7)
  Robin (D:2)
  7 gnolls
  7 adders
  2 river rats (D:9)
  3 shadow imps
  3 adder zombies
  3 worms
  4 dart slugs
  6 leopard geckos
  45 orcs
  A ball python (D:3)
  7 bats
  4 giant cockroaches
  17 goblins
  12 hobgoblins
  7 jackals
  5 quokkas
  8 frilled lizards
  6 goblin zombies (Ossuary)
  4 hobgoblin zombies (Ossuary)
  15 kobolds
  4 kobold zombies (Ossuary)
  An orc zombie (Ossuary)
  A quokka skeleton (D:4)
  6 quokka zombies
  12 rats
  2 rat zombies (Ossuary)
334 creatures vanquished.

Vanquished Creatures (collateral kills)
  2 mummies (Ossuary)
2 creatures vanquished.

Vanquished Creatures (others)
  An electric eel (D:5)
1 creature vanquished.

Grand Total: 337 creatures vanquished

Notes
Turn   | Place    | Note
-------+----------+-------------------------------------------
     0 | D:1      | pokeman the Deep Elf Wizard began the quest for the Orb.
     0 | D:1      | Reached XP level 1. HP: 10/10 MP: 7/7
   312 | D:1      | Reached XP level 2. HP: 15/15 MP: 6/9
   592 | D:1      | Reached skill level 5 in Spellcasting
  1095 | D:2      | Reached XP level 3. HP: 20/20 MP: 8/11
  1110 | D:1      | Learned a level 3 spell: Mephitic Cloud
  1113 | D:1      | Learned a level 2 spell: Call Imp
  1116 | D:1      | Learned a level 2 spell: Blink
  1120 | D:1      | Learned a level 3 spell: Conjure Flame
  1448 | D:2      | Noticed Robin
  1705 | D:2      | Found a hazy altar of Hepliaklqana.
  2065 | D:2      | Reached skill level 1 in Armour
  2256 | D:2      | Reached skill level 1 in Fighting
  2693 | D:2      | Reached XP level 4. HP: 21/25 MP: 7/13
  2889 | D:2      | Found a burning altar of Makhleb.
  3116 | D:2      | Killed Robin
  3278 | D:3      | Found a shattered altar of Ashenzari.
  3283 | D:3      | Found a stormy altar of Qazlal.
  3562 | D:3      | Reached skill level 6 in Spellcasting
  3578 | D:3      | Reached XP level 5. HP: 29/29 MP: 7/15
  3678 | D:3      | Reached skill level 1 in Shields
  4049 | D:3      | Noticed Terence
  4060 | D:3      | Noticed Purgy
  4230 | D:3      | Killed Purgy
  4230 | D:3      | Reached skill level 1 in Evocations
  4230 | D:3      | Reached XP level 6. HP: 34/34 MP: 10/17
  4484 | D:3      | Found a glowing golden altar of the Shining One.
  4501 | D:3      | Noticed an orc warrior
  4531 | D:3      | Killed an orc warrior
  4531 | D:3      | Reached skill level 7 in Spellcasting
  4613 | D:3      | Reached skill level 1 in Fire Magic
  4613 | D:3      | Reached skill level 1 in Air Magic
  4935 | D:3      | Killed Terence
  5246 | D:4      | Reached XP level 7. HP: 33/38 MP: 3/20
  5323 | D:4      | Found a sand-covered staircase.
  5383 | Ossuary  | Entered an ossuary
  5636 | Ossuary  | Noticed Menkaure
  5652 | Ossuary  | Reached skill level 8 in Spellcasting
  5663 | Ossuary  | Killed Menkaure
  6253 | Ossuary  | Reached skill level 1 in Poison Magic
  6872 | D:4      | Noticed Duvessa
  6889 | D:4      | Noticed Dowan
  6890 | D:4      | Killed Duvessa
  6890 | D:4      | Reached skill level 9 in Spellcasting
  6890 | D:4      | Reached XP level 8. HP: 25/44 MP: 10/23
  6907 | D:4      | Killed Dowan
  7151 | D:4      | Found a shimmering altar of Xom.
  7151 | D:4      | Found a sacrificial altar of Ru.
  7435 | D:5      | Entered Level 5 of the Dungeon
  7442 | D:5      | Reached skill level 5 in Conjurations
  7643 | D:5      | Found a transporter.
  7658 | D:5      | Reached skill level 10 in Spellcasting
  7841 | D:5      | Found a staircase to the Ecumenical Temple.
  7850 | Temple   | Entered the Ecumenical Temple
  7881 | Temple   | Became a worshipper of Vehumet
  8522 | D:5      | Learned a level 1 spell: Apportation
  8535 | D:5      | Found a transporter.
  9091 | D:6      | Reached XP level 9. HP: 46/48 MP: 19/25
  9132 | D:6      | Noticed Sigmund
  9152 | D:6      | Killed Sigmund
  9352 | D:6      | Reached skill level 11 in Spellcasting
 10091 | D:7      | Noticed Harold
 10114 | D:7      | Killed Harold
 10114 | D:7      | Reached skill level 5 in Fire Magic
 10200 | D:7      | Reached skill level 12 in Spellcasting
 10277 | D:7      | Reached * piety under Vehumet
 10277 | D:7      | Offered knowledge of Shock by Vehumet.
 10280 | D:7      | Learned a level 1 spell: Shock
 10313 | D:7      | Found a white marble altar of Elyvilon.
 10715 | D:7      | Noticed Maggie
 10751 | D:7      | Killed Maggie
 11016 | D:7      | Reached XP level 10. HP: 53/53 MP: 24/28
 11396 | D:8      | Noticed Gastronok
 11756 | D:8      | Killed Gastronok
 11756 | D:8      | Reached skill level 13 in Spellcasting
 12101 | D:8      | Noticed Maurice
 12115 | D:8      | Killed Maurice
 12296 | D:8      | Reached ** piety under Vehumet
 12375 | D:8      | Found a sparkling altar of Nemelex Xobeh.
 12383 | D:8      | Offered knowledge of Sandblast by Vehumet.
 12918 | D:9      | Noticed a death yak
 12918 | D:9      | Noticed a death yak
 12943 | D:9      | Noticed a death yak
 12946 | D:9      | Killed a death yak
 12946 | D:9      | Reached skill level 14 in Spellcasting
 12946 | D:9      | Reached XP level 11. HP: 41/59 MP: 19/31
 12946 | D:9      | Killed a death yak
 12953 | D:9      | Killed a death yak
 12958 | D:9      | Noticed Erica
 13563 | D:9      | Found a staircase to the Lair.
 13896 | D:9      | Noticed Psyche
 13930 | D:9      | Offered knowledge of Stone Arrow by Vehumet.
 13935 | D:9      | Learned a level 3 spell: Stone Arrow
 13940 | D:9      | Killed Psyche
 14082 | D:9      | Killed Erica
 14447 | D:9      | Found a shimmering blue altar of Sif Muna.
 14602 | D:9      | Found a blossoming altar of Fedhas.
 14638 | D:10     | Entered Level 10 of the Dungeon
 14655 | D:10     | Reached *** piety under Vehumet
 15224 | D:10     | Found Sueniet's Magic Scroll Boutique.
 15238 | D:10     | Bought a scroll of magic mapping for 45 gold pieces
 15238 | D:10     | Bought a scroll of teleportation for 39 gold pieces
 15238 | D:10     | Bought a scroll of blinking for 97 gold pieces
 15238 | D:10     | Bought a scroll of identify for 26 gold pieces
 15238 | D:10     | Bought a scroll of identify for 26 gold pieces
 15238 | D:10     | Bought a scroll of identify for 26 gold pieces
 15254 | D:10     | Offered knowledge of Olgreb's Toxic Radiance by Vehumet.
 15263 | D:10     | Reached skill level 15 in Spellcasting
 15266 | D:10     | Found a runed translucent door.
 15266 | D:10     | Found a runed translucent door.
 15580 | D:10     | Identified the +11 hunting sling "Orb Guardian's Peril"
                  | {freeze, rPois}
 15582 | D:10     | Noticed hehateme's ghost (novice KoSu)
 15582 | D:10     | Noticed a lich
 15582 | D:10     | Noticed a necromancer
 15583 | D:10     | Noticed an ice dragon
 15583 | D:10     | Noticed a tengu reaver
 15696 | D:10     | Learned a level 5 spell: Fireball
 15914 | D:11     | Reached **** piety under Vehumet
 15918 | D:11     | Noticed a death knight
 15919 | D:11     | Noticed a phantasmal warrior
 15921 | D:11     | Noticed a six-headed hydra
 15923 | D:11     | Killed a death knight
 15927 | D:11     | Mangled by a phantasmal warrior

Illustrated notes

Levels and vault maps discovered:
D:1:      giann_bridges, layout_basic, minivault_26, minmay_tromino_i2
D:2:      layout_basic, lemuel_round_altar, lemuel_crystal_altar, uniq_robin
D:3:      layout_loops_cross, overflow_temple_1_default,
          cheibrodos_ashenzari_chains, nicolae_qazlal_eye_of_the_storm,
          uniq_terence, uniq_purgy
D:4:      layout_basic, gammafunk_temple_overflow_elements,
          nicolae_ossuary_entry_monument, uniq_duvessa
D:5:      gammafunk_steamed_eel, layout_basic, minmay_temple_entry_mist,
          first_ration
D:6:      layout_loops_ring, uniq_sigmund
D:7:      layout_loops_ring, lemuel_crystal_altar, grunt_ogre_cave, uniq_maggie,
          uniq_harold
D:8:      layout_loops_ring, nemelex_xobeh_ov_fountains_minmay, uniq_gastronok,
          uniq_maurice
D:9:      layout_irregular_city, kennysheep_mini_moat, dpeg_lair_monsters,
          lemuel_blue_sif_altar, uniq_psyche, uniq_erica
D:10:     layout_cave_pools, muffindrake_ghost_dual_entry, serial_shops,
          nicolae_shop_waterfront
D:11:     layout_cave_pools, erik_orc_4, uniq_josephine
Temple:   oiseaux_autumnal_temple

Skill      XL: |  1  2  3  4  5  6  7  8  9 10 11 |
---------------+----------------------------------+-----
Spellcasting   | 5 6 7 9 10 12 14 15 | 15.7
Armour         | 1 2 3 |  3.6
Fighting       | 1 2 4 |  4.6
Conjurations   | 2 3 4 5 7 8 9 |  9.6
Dodging        | 3 |  3.1
Shields        | 1 3 |  3.1
Stealth        | 3 |  3.0
Evocations     | 1 |  1.2
Fire Magic     | 1 2 4 5 7 8 |  8.8
Air Magic      | 1 2 |  2.0
Poison Magic   | 2 |  2.0
Summonings     | |  1.1
Translocations | |  1.1

Action                   |  1- 3 |  4- 6 |  7- 9 | 10-12 || total
-------------------------+-------+-------+-------+-------++-------
Melee: Unarmed           |    10 |       |       |       ||    10
       Spear             |       |    32 |   134 |    61 ||   227
 Cast: Magic Dart        |   118 |   140 |   274 |   104 ||   636
       Mephitic Cloud    |     3 |     6 |    19 |    32 ||    60
       Blink             |     1 |       |       |     1 ||     2
       Conjure Flame     |       |     5 |    22 |    23 ||    50
       Call Imp          |       |       |    14 |     8 ||    22
       Shock             |       |       |       |   117 ||   117
       Stone Arrow       |       |       |       |    37 ||    37
       Fireball          |       |       |       |    13 ||    13
Evoke: Wand              |       |       |       |     7 ||     7
  Use: Scroll            |       |       |       |    13 ||    13
 Stab: Sleeping          |       |     2 |     4 |       ||     6
       Confused          |       |     3 |    11 |     5 ||    19
  Eat: Chunk             |     5 |     8 |    13 |    14 ||    40
       Ration            |       |       |     1 |     1 ||     2
Armor: Robe              |     3 |     1 |       |       ||     4
       Leather armour    |       |    10 |    24 |       ||    34
       Acid dragon scale |       |       |       |    21 ||    21
Dodge: Dodged            |    21 |    36 |    48 |    44 ||   149
